Map: Lightshade LE

Players

Serral - Winner!

  • Race: Zerg Zerg
  • Spawn Location: 11:00

SpeCial

  • Race: Terran Terran
  • Spawn Location: 5:00

Event: IEM Katowice 2021

VOD

Have the link to the VOD?

Description

Time

  • Played on: Feb. 23, 2021, 8:27 a.m.
  • Length: 9:42

All games in this series

Show
View Real Time Build Order
Export as new Build Order

Serral Zerg - Winner!

Build Orders: Hatch First 

Get SALT Encoding   

  12  0:00  Drone  
  13  0:12  Overlord  
  13  0:17  Drone  
  14  0:30  Drone x2  
  16  0:49  Hatchery  
  15  0:51  Drone  
  15  0:54  Drone  
  17  0:58  Drone  
  18  1:09  Extractor  
  17  1:13  Spawning Pool  
  17  1:16  Drone  
  17  1:19  Drone  
  18  1:28  Drone  
  19  1:39  Drone  
  20  1:50  Drone  
  21  2:00  Queen x2  
  25  2:01  Zergling x4  
  27  2:10  Overlord  
  27  2:12  Drone, Metabolic Boost  
  28  2:28  Hatchery  
  27  2:31  Drone  
  27  2:32  Zergling x2  
  29  2:42  Queen  
  31  2:45  Overlord  
  31  2:49  Zergling x2  
  32  2:51  Zergling x2  
  32  2:55  Drone  
  32  2:56  Zergling x2  
  34  3:06  Drone x3  
  37  3:14  Overlord, Drone x2  
  37  3:19  Queen  
  39  3:22  Drone  
  39  3:25  Drone  
  43  3:29  Overlord  
  43  3:34  Drone  
  43  3:38  Drone  
  45  3:41  Drone  
  45  3:42  Queen  
  45  3:45  Drone x3  
  52  3:48  Drone  
  52  3:51  Drone x2  
  52  3:55  Overlord  
  54  4:00  Queen  
  56  4:07  Drone x3  
  59  4:13  Zergling x4  
  59  4:15  Overlord  
  60  4:17  Drone x2  
  60  4:22  Queen  
  60  4:23  Drone x3  
  67  4:27  Lair  
  67  4:33  Overlord  
  67  4:41  Zergling x4  
  67  4:42  Drone x2  
  67  4:43  Drone x2  
  72  4:46  Extractor  
  72  4:47  Extractor, Overlord  
  72  4:50  Zergling x4, Baneling Nest  
  71  4:53  Drone x3  
  71  4:55  Drone x2  
  71  4:58  Overlord  
  76  5:01  Zergling x2  
  76  5:02  Drone x2  
  76  5:06  Overlord  
  79  5:10  Zergling x4  
  81  5:15  Drone  
  81  5:20  Extractor  
  75  5:21  Zergling x4  
  75  5:22  Zergling x6  
  79  5:29  Evolution Chamber, Drone x3  
  79  5:30  Evolution Chamber, Extractor  
  79  5:31  Drone x2  
  79  5:33  Overseer  
  82  5:35  Drone x2  
  82  5:36  Hatchery  
  82  5:37  Drone  
  82  5:41  Centrifical Hooks  
  82  5:44  Zergling x2  
  82  5:45  Drone  
  82  5:46  Drone  
  82  5:49  Drone x3  
  88  5:56  Zerg Melee Weapons Level 1, Zerg Ground Armor Level 1  
  88  5:59  Drone x3  
  91  6:05  Baneling x7  
  91  6:06  Zergling x4  
  91  6:09  Drone  
  91  6:10  Overlord  
  91  6:11  Drone x2  
  96  6:13  Zergling x2  
  96  6:14  Zergling x2  
  96  6:18  Overlord  
  98  6:20  Overlord  
  98  6:24  Overlord  
  98  6:29  Drone x4  
  98  6:30  Drone  
  103  6:32  Hydralisk Den  
  103  6:35  Drone  
  103  6:37  Pneumatized Carapace  
  103  6:39  Drone x4  
  107  6:41  Zergling x6  
  107  6:45  Zergling x10  
  114  6:47  Queen  
  114  6:49  Zergling x4  
  114  6:53  Baneling x9  
  118  6:55  Zergling x2  
  118  6:58  Drone  
  120  7:02  Zergling x4  
  122  7:11  Zergling x20  
  132  7:17  Spore Crawler  
  132  7:21  Hatchery, Overlord x2  
  132  7:22  Overlord  
  130  7:24  Zergling x8  
  130  7:29  Overlord  
  134  7:30  Zergling x4  
  134  7:33  Overseer, Overlord  
  134  7:34  Overlord  
  136  7:42  Drone  
  136  7:44  Grooved Spines  
  137  7:46  Zergling x2  
  137  7:47  Zergling x20  
  137  7:49  Baneling x10  
  148  7:58  Zergling x12  
  148  7:59  Baneling x10  
  148  8:00  Baneling  
  148  8:07  Zergling x2  
  148  8:08  Zergling x6  
  148  8:15  Zergling x20  
  156  8:20  Zergling x4  
  158  8:27  Zergling x10  
  158  8:34  Baneling x20  
  163  8:35  Baneling  
  163  8:36  Zergling x10  
  163  8:40  Queen  
  170  8:41  Zergling x2  
  156  8:48  Zergling x22  
  156  8:52  Baneling x10  
  156  8:54  Zergling x6  
  156  8:55  Zergling x2  
  148  9:03  Zergling x10  
  148  9:09  Zergling x2  
  136  9:12  Baneling x3  
  136  9:13  Baneling x8  
  136  9:16  Zergling x20  
  140  9:22  Zergling x6  
Show
View Real Time Build Order
Export as new Build Order

SpeCial Terran 

Build Orders:  

Get SALT Encoding   

  12  0:00  SCV  
  13  0:12  SCV  
  14  0:17  Supply Depot  
  14  0:24  SCV  
  15  0:39  SCV  
  15  0:41  Barracks  
  16  0:43  Refinery  
  16  0:51  SCV  
  17  1:00  Barracks  
  17  1:03  SCV  
  18  1:15  SCV  
  19  1:29  Reaper, Orbital Command  
  20  1:47  Reaper  
  20  1:48  Supply Depot  
  21  1:55  SCV  
  22  2:04  Reaper  
  23  2:09  SCV  
  23  2:13  Command Center  
  24  2:16  Refinery  
  24  2:19  Marine  
  24  2:21  SCV  
  26  2:34  SCV  
  26  2:37  Marine  
  27  2:39  Marine  
  27  2:42  Factory  
  29  2:46  SCV  
  29  2:47  Supply Depot  
  30  2:58  SCV, Barracks Reactor  
  29  3:10  SCV  
  30  3:14  Command Center  
  30  3:22  SCV  
  30  3:25  Orbital Command  
  31  3:32  Starport  
  31  3:39  SCV  
  31  3:40  Hellion, Marine  
  31  3:41  Marine  
  36  3:42  Marine  
  37  3:51  SCV  
  37  3:52  SCV  
  39  4:04  SCV  
  40  4:11  Hellion x2  
  40  4:14  Starport Tech Lab  
  40  4:15  SCV  
  40  4:16  SCV  
  44  4:24  Fusion Core  
  44  4:26  Orbital Command  
  44  4:27  SCV  
  45  4:32  Hellion x2  
  45  4:34  Barracks Tech Lab  
  49  4:39  SCV x2  
  51  4:51  SCV x3  
  54  4:53  Marine  
  54  4:54  Stimpack, Starport Reactor  
  55  5:00  Barracks  
  55  5:02  Engineering Bay  
  55  5:03  SCV x3  
  55  5:05  Engineering Bay  
  58  5:11  Marine  
  59  5:14  Barracks Reactor  
  59  5:15  SCV  
  59  5:16  Supply Depot  
  59  5:17  Orbital Command  
  60  5:23  SCV  
  60  5:26  Refinery  
  60  5:27  SCV  
  60  5:28  Refinery  
  62  5:29  Marine  
  62  5:31  Terran Infantry Weapons Level 1, Terran Infantry Armor Level 1  
  62  5:32  Supply Depot  
  63  5:35  Medivac  
  63  5:40  Medivac, Barracks  
  63  5:41  Barracks  
  67  5:45  SCV x2  
  67  5:47  SCV, Marine  
  67  5:49  Supply Depot, Marine x2  
  73  5:50  Marine  
  74  5:57  SCV  
  74  5:58  SCV  
  74  5:59  SCV  
  74  6:04  Marine, Supply Depot  
  77  6:05  Marine  
  77  6:07  Marine  
  77  6:10  SCV x2, Marine x2  
  77  6:11  SCV  
  85  6:13  Supply Depot  
  85  6:20  Siege Tank  
  85  6:22  SCV x2, Marine x2  
  85  6:23  SCV  
  85  6:25  Marine  
  94  6:27  Marine, Barracks Reactor x2  
  94  6:28  Marine  
  96  6:33  Combat Shield  
  96  6:34  SCV  
  96  6:35  SCV, Supply Depot x2  
  98  6:40  Marine x2  
  98  6:43  Armory  
  99  6:47  Marine x2  
  99  6:48  Marine  
  99  6:49  SCV x2  
  99  6:51  Medivac  
  99  6:52  Siege Tank  
  109  6:57  SCV  
  109  7:00  Medivac, Barracks  
  113  7:01  SCV x2, Barracks  
  113  7:03  Barracks  
  113  7:06  Marine x3  
  117  7:12  Marine  
  117  7:15  Marine x5  
  122  7:17  Supply Depot  
  122  7:21  Supply Depot  
  122  7:24  Marine x3  
  125  7:33  Refinery  
  125  7:37  Supply Depot  
  125  7:38  Marine x6, Supply Depot  
  125  7:41  Marine  
  125  7:42  Marine  
  125  7:43  Marine  
  134  7:51  Marine, Barracks Reactor  
  134  7:56  Marine x5  
  140  7:58  Siege Tank  
  143  8:05  Marine  
  143  8:06  Marine  
  143  8:08  SCV  
  143  8:11  Marine x3  
  143  8:12  Marine  
  137  8:14  Marine x2  
  137  8:15  Marine x3  
  142  8:23  Marine x2  
  142  8:26  Supply Depot  
  141  8:29  Marine x3  
  141  8:30  Orbital Command  
  141  8:32  Marine x4  
  148  8:34  Marine  
  149  8:48  Marine  
  141  8:57  Marine x2  
  141  8:58  Marine x2  
  141  9:00  Marine x4  
  141  9:01  Siege Tank  
  126  9:02  Marine  
  126  9:06  Medivac  
  126  9:07  Marine  
  100  9:14  Marine x3  
  100  9:15  Marine x2  
  100  9:16  Marine x2  
  104  9:17  Marine  

Tags
 
Add a new tag
Caveats
  • Supply blocks, unpowered buildings, or Contaminate may cause inaccurate times.
  • Supply counts are checked every 10 seconds.